 Dungeon Crawl Stone Soup version 0.30-a0-210-g01b79a254e (webtiles) character file.

Game seed: 12838264399861070646

2 sleeves the Trooper (level 1, -1/18 HPs)
             Began as a Demonspawn Monk on Oct 4, 2022.
             Slain by a goblin
             ... wielding a +0 club
              (4 damage)
             ... on level 1 of the Dungeon.
             The game lasted 00:00:11 (127 turns).

sleeves the Trooper (Demonspawn Monk)                Turns: 127, Time: 00:00:11

Health: -1/18      AC:  2    Str: 11    XL:     1   Next: 33%
Magic:  1/1        EV: 12    Int: 11    God:
Gold:   11         SH:  0    Dex: 15    Spells: 0/0 levels left

rFire   . . .      SeeInvis .    a - +0 spear
rCold   . . .      Faith    .    (no shield)
rNeg    . . .      Spirit   .    b - +0 robe
rPois   .          Reflect  .    (no helmet)
rElec   .          Harm     .    (no cloak)
rCorr   .          Rampage  .    (no gloves)
Will    .....                    (no boots)
Stlth   ++........               (no amulet)
HPRegen 0.23/turn                (no ring)
MPRegen 0.07/turn                (no ring)

@: no status effects
A: no striking features
a: no special abilities


You were on level 1 of the Dungeon.
You visited 1 branch of the dungeon, and saw 1 of its levels.

You collected 11 gold pieces.

Inventory:

Hand Weapons
 a - a +0 spear (weapon)
Armour
 b - a +0 robe (worn)
Potions
 c - a potion of ambrosia


   Skills:
 - Level 3.0 Fighting
 + Level 2.9 Polearms
 - Level 2.6 Dodging
 - Level 1.7 Stealth


You couldn't memorise any spells.
You didn't know any spells.
Your spell library was empty.

Dungeon Overview and Level Annotations

Branches:
Dungeon (1/15)

Altars:


Message History

Welcome, sleeves the Demonspawn Monk.
A smirking vizier told you that the Orb of Zot is just within this dungeon.
Press ? for a list of commands and other information.
Found a runed dagger.
Found a staircase leading out of the dungeon.
You see here a +0 dagger of holy wrath.
There is a staircase leading out of the dungeon here.
You open the door.
Found an escape hatch in the floor.
There is an open door here.
There is a fountain of clear blue water here.
As you open the door, it creaks loudly!
No target in view!
No target in view!
No target in view!
No target in view!
No target in view!
No target in view!
No target in view!
No target in view!
There is an open door here.
An endoplasm comes into view.
An endoplasm is nearby!
An endoplasm is nearby!
You reach to attack!
The helpless endoplasm fails to defend itself.
You hit the endoplasm.
The endoplasm is heavily wounded.
You hit the endoplasm.
You kill the endoplasm!
No target in view!
No target in view!
No target in view!
You now have 11 gold pieces.
You open the door.
There is an open door here.
There is a dry fountain here.
There is an open door here.
You see here a +0 dagger of holy wrath.
There is a staircase leading out of the dungeon here.
There is an open door here.
There is an open door here.
A frilled lizard comes into view.
A frilled lizard is nearby!
A frilled lizard is nearby!
A goblin comes into view. It is wielding a +0 club.
Found 7 stones.
The goblin shouts!
You hear a shout!
A kobold comes into view. It is wielding a +0 short sword.
You hear an angry hiss.
A bat comes into view.
You reach to attack!
You closely miss the goblin. The bat hits you but does no damage.
You barely miss the goblin. The bat misses you.
The bat hits you but does no damage. The goblin hits you with a +0 club.
You closely miss the kobold. The bat hits you. x2
The kobold barely misses you. The goblin hits you with a +0 club.
You hit the kobold.
The kobold is severely wounded.
The bat barely misses you. The goblin closely misses you.
The kobold closely misses you.
A goblin comes into view. It is wielding a +0 club.
You barely miss the kobold.
The kobold is severely wounded.
The bat barely misses you.
The kobold hits you with a +0 short sword.
* * * LOW HITPOINT WARNING * * *
The goblin hits you but does no damage.
You are too injured to fight recklessly!
You are too injured to fight recklessly!
There are monsters nearby!
There are monsters nearby!
Unknown command.
The kobold throws a stone.
The stone barely misses you. The goblin attacks as you move away!
The goblin hits you but does no damage. The bat misses you.
The goblin attacks as you move away! The goblin barely misses you.
The goblin throws a stone.
The stone hits you.
* * * LOW HITPOINT WARNING * * *
The goblin attacks as you move away! The goblin hits you with a +0 club.
* * * LOW HITPOINT WARNING * * *
The bat hits you but does no damage.
You swing at nothing.
The bat closely misses you.
You hit the bat.
The bat is heavily wounded.
The bat barely misses you.
You hit the bat.
You kill the bat!
You barely miss the goblin. The goblin hits you with a +0 club.
* * * LOW HITPOINT WARNING * * *
You hit the goblin.
The goblin is heavily wounded.
The goblin hits you with a +0 club.
You die...

#.# ##...######...####
.. ##'## ##>## #.##
#..### ### # # ..##
##...#### ####
#.###..#
###....#####...
#(.....# ####...#...##
#...## ###...###
###.K############.##
#...gg@...........#
#....#################
...### ##


You could see 2 goblins and a kobold.

Vanquished Creatures
  A bat (D:1)
  An endoplasm (D:1)
2 creatures vanquished.

Notes
Turn   | Place    | Note
-------+----------+-------------------------------------------
     0 | D:1      | sleeves the Demonspawn Monk began the quest for the Orb.
     0 | D:1      | Reached XP level 1. HP: 18/18 MP: 1/1
   118 | D:1      | HP: 9/18 [kobold/+0 short sword (4)]
   126 | D:1      | HP: 3/18 [goblin/+0 club (4)]
   127 | D:1      | Slain by a goblin

Illustrated notes

Levels and vault maps discovered:
D:1:      minmay_arrival_split_and_join, layout_basic, minmay_pentomino_t4

Action                   || total
-------------------------++-------
Melee: Spear             ||    11
 Stab: Sleeping          ||     1
Armor: Robe              ||     5
Dodge: Dodged            ||    11

Table legend: (Time is in decaauts)
 A = Elapsed time spent in this place.
 B = Non-inter-level travel time spent in this place.
 C = Inter-level travel time spent in this place.
 D = Time resting spent in this place.
 E = Time spent auto-exploring this place.
 F = Levels seen in this place.
 G = Mean time per level.
                   A        B        C        D        E       F      G
               +--------+--------+--------+--------+--------+-----+--------+
         Total |    126 |    126 |      0 |      0 |    100 |   1 |  126.0 |
       Dungeon |    126 |    126 |      0 |      0 |    100 |   1 |  126.0 |
               +--------+--------+--------+--------+--------+-----+--------+

Top non-repeatable levels by time:
     D:1: 126 daAuts
